 Dungeon Crawl Stone Soup version 0.28.0-53-g5a82cb258f (webtiles) character file.

Game seed: 16692464331516382311

108 safid the Digger (level 4, -1/26 HPs)
             Began as a Gargoyle Earth Elementalist on Aug 30, 2022.
             Killed from afar by an orc wizard (7 damage)
             ... with a magic dart
             ... on level 3 of the Dungeon.
             The game lasted 00:03:52 (3415 turns).

safid the Digger (Gargoyle Earth Elementalist)      Turns: 3415, Time: 00:03:52

Health: -1/26      AC:  5    Str: 11    XL:     4   Next: 87%
Magic:  4/8        EV: 12    Int: 18    God:
Gold:   104        SH:  0    Dex: 10    Spells: 7/8 levels left

rFire   . . .      SeeInvis .   g - +1 demon whip (elec)
rCold   . . .      Faith    .   (no shield)
rNeg    + . .      Spirit   .   b - +0 robe
rPois   ∞          Reflect  .   (no helmet)
rElec   +          Harm     .   (no cloak)
rCorr   .          Rampage  .   (no gloves)
Will    .....                   (no boots)
Stlth   ++........              (no amulet)
HPRegen 0.08/turn               (no ring)
MPRegen 0.11/turn               (no ring)

@: no status effects
A: sickness immunity, AC +3, negative energy resistance 1, electricity
resistance, torment resistance 1, petrification resistance
a: no special abilities


You were on level 3 of the Dungeon.
You visited 1 branch of the dungeon, and saw 3 of its levels.

You collected 104 gold pieces.

Inventory:

Hand Weapons
 g - a +1 demon whip of electrocution (weapon)
Missiles
 c - 69 stones
Armour
 b - a +0 robe (worn)
Scrolls
 a - a scroll of enchant weapon {unknown}
Potions
 d - a potion of attraction {unknown}
 e - 2 potions of brilliance {unknown}
 f - a potion of heal wounds {unknown}
 h - 2 potions of might {unknown}


   Skills:
 + Level 2.3 Fighting
 - Level 2.0 Dodging
 - Level 2.1 Stealth
 + Level 2.9 Spellcasting
 - Level 1.0 Transmutations
 + Level 4.6 Earth Magic


You had 7 spell levels left.
You knew the following spells:

 Your Spells              Type           Power      Damage    Failure   Level
a - Sandblast             Erth           38%        2d10      2%          1

Your spell library contained the following spells:

 Spells                   Type           Power      Damage    Failure   Level
 Passwall                 Tmut/Erth      10%        N/A       8%          2
 Stone Arrow              Conj/Erth      20%        3d8       19%         3
 Ignite Poison            Fire/Tmut/Pois 3%         N/A       41%         3
 Conjure Flame            Conj/Fire      2%         6-21      45%         3
 Petrify                  Tmut/Erth      12%        N/A       45%         4
 Sticky Flame             Conj/Fire      2%         2d3       86%         4


Dungeon Overview and Level Annotations

Branches:
Dungeon (3/15)

Altars:


Innate Abilities, Weirdness & Mutations

You are immune to sickness and miasma.
Your stone body is resilient. (AC +3)
You are immune to poison.
You resist negative energy. (rN+)
You are resistant to electric shocks. (rElec)
You are resistant to unholy torment.
You are immune to petrification.


Message History

The orc wizard closely misses you.
Casting: Sandblast (safe; 2% risk of failure)
Confirm with . or Enter, or press ? or * to list all spells.
Aiming: Sandblast (safe; 2% risk of failure)
Press: ? - help, Shift-Dir - straight line, f/p - orc wizard
Aim: an orc wizard, wielding a +0 dagger and wearing a +0 robe (almost dead, 74% to hit)
The blast of sand hits the orc wizard!
You kill the orc wizard!
Unknown command.
You closely miss the orc. The orc barely misses you.
You closely miss the orc. The orc misses you.
You whack the orc! Lightning courses through the orc!!
You kill the orc!
You barely miss the orc. The orc barely misses you.
Your magical contamination has completely faded away.
You barely miss the orc. The orc hits you but does no damage.
You closely miss the orc. The orc closely misses you. x2
You closely miss the orc. The orc misses you.
You closely miss the orc. The orc barely misses you.
You closely miss the orc. The orc barely misses you.
You barely miss the orc. The orc hits you with a +0 hand axe.
* * * LOW HITPOINT WARNING * * *
You hit the orc. Lightning courses through the orc!
You kill the orc!
Casting: Sandblast (safe; 2% risk of failure)
Confirm with . or Enter, or press ? or * to list all spells.
Aiming: Sandblast (safe; 2% risk of failure)
Press: ? - help, Shift-Dir - straight line, f - quokka
Aim: a quokka (71% to hit)
The blast of sand hits the quokka!
You kill the quokka!
Unknown command.
You closely miss something.
An orc wizard appears from thin air!
Reactivating autopickup.
The orc wizard casts a spell at you. You resist with some effort.
You closely miss the orc wizard.
The orc wizard points at you and mumbles some strange words.
The magic dart hits you!
You die...

..####
#........#r(.
.......
#......g#.#..
..#####
#......#o#.#o
###
#.....#o#.#.# #
#...{#.##.##. #
#...#.###.# # #
#..#.## #.# #
###########.#.##
#.# #
#.....@o...#.##
#.##
#.############
##.## #. #... #.
#.## #. #.# #.
#.# #. #.# #.
#.# #†#


You could see an orc wizard.

Vanquished Creatures
  An orc wizard (D:3)
  2 adders (D:2)
  An ufetubus (D:2)
  2 dart slugs (D:2)
  4 orcs (D:3)
  3 ball pythons
  4 endoplasms
  A giant cockroach (D:2)
  9 goblins
  2 hobgoblins (D:1)
  4 jackals (D:2)
  3 quokkas
  2 bats
  3 frilled lizards
  5 kobolds
  5 rats
51 creatures vanquished.

Notes
Turn   | Place    | Note
-------+----------+-------------------------------------------
     0 | D:1      | safid the Gargoyle Earth Elementalist began the quest for
                  | the Orb.
     0 | D:1      | Reached XP level 1. HP: 10/10 MP: 3/3
   471 | D:1      | Found a faded altar of an unknown god.
   517 | D:1      | Reached skill level 1 in Transmutations
   517 | D:1      | Reached XP level 2. HP: 4/16 MP: 1/5
  1537 | D:2      | Reached skill level 1 in Fighting
  1836 | D:2      | Reached XP level 3. HP: 20/20 MP: 4/6
  1847 | D:2      | Reached skill level 4 in Earth Magic
  2573 | D:2      | Reached XP level 4. HP: 26/26 MP: 7/7
  3415 | D:3      | Killed from afar by an orc wizard

Illustrated notes

Levels and vault maps discovered:
D:1:      ebering_trefoil_twist, layout_rooms, serial_rivers,
          chequers_serial_rivers_small_a, chequers_serial_rivers_micro_d,
          chequers_serial_rivers_micro_e, chequers_serial_rivers_small_3,
          chequers_serial_rivers_large_b, ebering_ecumenical_altar_abandoned,
          minmay_misc_feat_diagonals, serial_bayou_ford_a
D:2:      layout_basic, minmay_misc_feat_chi, nrook_mini_backslash,
          minmay_cut_off
D:3:      wad_pebble_path, layout_loops_ring, amethyst_overflow_temple_binary

Skill      XL: |  1  2  3  4 |
---------------+-------------+-----
Transmutations | 1 |  1.0
Fighting       | 1 2 |  2.3
Earth Magic    | 4 |  4.6
Dodging        | 2 |  2.0
Stealth        | |  2.1
Spellcasting   | |  2.9

Action                   |  1- 3 |  4- 6 || total
-------------------------+-------+-------++-------
Melee: Dagger            |     4 |     1 ||     5
       Short sword       |    71 |       ||    71
       Unarmed           |     1 |       ||     1
       Punch             |     1 |       ||     1
       Demon whip        |       |    44 ||    44
 Cast: Sandblast         |    32 |     7 ||    39
 Stab: Sleeping          |     2 |     1 ||     3
Armor: Robe              |    31 |    21 ||    52
Dodge: Dodged            |    71 |    34 ||   105
